 Dungeon Crawl Stone Soup version 0.24-a0-378-g94936e539c (webtiles) character file.

Game seed: 12284900221103209048

287 Mithandil the Chopper (level 6, 0/53 HPs)
             Began as a Hill Orc Berserker on June 2, 2019.
             Was a Believer of Trog.
             Slain by a sky beast (5 damage)
             ... on level 4 of the Dungeon.
             The game lasted 00:20:04 (4609 turns).

Mithandil the Chopper (Hill Orc Berserker)          Turns: 4609, Time: 00:20:04

Health: 0/53       AC:  8    Str: 22    XL:     6   Next: 30%
Magic:  6/6        EV:  8    Int:  7    God:    Trog [**....]
Gold:   92         SH:  9    Dex: 10    Spells: 5/5 levels left

rFire    . . .     SeeInvis .   a - +0 hand axe
rCold    . . .     Gourm    .   j - +0 shield
rNeg     . . .     Faith    .   l - +0 scale mail
rPois    .         Spirit   .   (no helmet)
rElec    .         Reflect  .   (no cloak)
rCorr    .         Harm     .   (no gloves)
MR       .....                  (no boots)
Stlth    +.........             (no amulet)
HPRegen  0.17/turn              d - ring of stealth
MPRegen  0.10/turn              o - +2 ring of protection

@: no status effects
A: no striking features
a: Berserk, Trog's Hand, Renounce Religion


You were on level 4 of the Dungeon.
You worshipped Trog.
Trog was pleased with you.
You were not hungry.

You visited 1 branch of the dungeon, and saw 5 of its levels.

You collected 92 gold pieces.

Inventory:

Hand Weapons
 a - a +0 hand axe (weapon)
 b - a +0 spear
Missiles
 e - 119 stones (quivered)
Armour
 j - a +0 shield (worn)
 l - a +0 scale mail (worn)
Jewellery
 d - a ring of stealth (left hand)
 o - a +2 ring of protection (right hand)
Scrolls
 g - 4 scrolls of remove curse
 h - a scroll of teleportation {unknown}
 k - a scroll of immolation {unknown}
Potions
 f - a potion of invisibility {unknown}
Comestibles
 c - 8 rations
 m - 2 chunks of flesh


   Skills:
 + Level 4.6 Fighting
 * Level 6.1(6.3) Axes
 + Level 1.7(3.6) Polearms
 + Level 3.4 Armour
 - Level 1.5 Dodging
 * Level 3.1 Shields


You had 5 spell levels left.
You didn't know any spells.
Your spell library was empty.

Dungeon Overview and Level Annotations

Branches:
Dungeon (5/15)
 Temple: D:4-7

Altars:
Cheibriados
Qazlal


Message History

You miss something. Something hits you but does no damage.
You miss something. Something hits you but does no damage. Something hits you.
Something shocks you.
* * * LOW HITPOINT WARNING * * *
You miss something. Something hits you but does no damage.
Unknown command.
You barely miss something. Something hits you but does no damage.
You barely miss something. Something hits you but does no damage.
You miss something. Something hits you.
* * * LOW HITPOINT WARNING * * *
Something shocks you.
* * * LOW HITPOINT WARNING * * *
You closely miss something. Something hits you but does no damage.
You hit something but do no damage. Something hits you but does no damage.
You hit something.
A sky beast appears from thin air!
Reactivating autopickup.
The sky beast hits you.
* * * LOW HITPOINT WARNING * * *
The sky beast shocks you.
You die...

.#.#.# ....... #........# .# #
....... #........# ## #........
#........# #.....[..###........#
#.....!...##........# #.
#.........##........# ###.
#.........#####.###.#
.#.#.####.######.# #.# #.#
...............Y@# #.# #.#
...........####### #.# #.#
...........# #.# #.# ...........#
#.# #.###### ........############
#.# #.......
........#≈≈≈#≈≈≈≈≈≈###'##########
.......≈#≈#≈#≈######......##.....
.......≈#≈#≈#≈#≈≈≈≈#......##.####
......≈≈≈≈#≈≈≈≈≈##≈#......'......


You could see a sky beast.

Vanquished Creatures
  A howler monkey (D:4)
  A hound (D:4)
  A centaur skeleton (D:4)
  An iguana (D:4)
  3 river rats (D:4)
  7 adders
  9 worms
  4 orcs (D:4)
  3 giant cockroaches
  5 goblins
  5 hobgoblins
  3 kobolds
  A ball python skeleton (D:4)
  3 bats
  6 frilled lizards
  10 rats
63 creatures vanquished.

Vanquished Creatures (others)
  An adder (D:5)
  A shadow imp (D:5)
  A giant cockroach zombie (D:5)
3 creatures vanquished.

Grand Total: 66 creatures vanquished

Notes
Turn   | Place    | Note
-------+----------+-------------------------------------------
     0 | D:1      | Mithandil the Hill Orc Berserker began the quest for the
                  | Orb.
     0 | D:1      | Reached XP level 1. HP: 19/19 MP: 1/1
     3 | D:1      | Noticed an electric eel
     3 | D:1      | Noticed an electric eel
   162 | D:2      | Reached XP level 2. HP: 11/27 MP: 2/2
  1059 | D:2      | Reached XP level 3. HP: 33/33 MP: 3/3
  1253 | D:2      | Reached skill level 1 in Shields
  1471 | D:2      | Reached skill level 5 in Axes
  1666 | D:2      | Found a stormy altar of Qazlal.
  1670 | D:2      | Reached ** piety under Trog
  1920 | D:3      | Noticed an ice beast
  2048 | D:4      | Reached XP level 4. HP: 28/40 MP: 4/4
  2136 | D:4      | Reached XP level 5. HP: 29/46 MP: 5/5
  2502 | D:4      | Reached skill level 1 in Polearms
  2712 | D:3      | Found a faded altar of an unknown god.
  2896 | D:4      | Reached XP level 6. HP: 16/53 MP: 6/6
  2904 | D:4      | HP: 1/53 [worm (8)]
  3274 | D:4      | Reached skill level 6 in Axes
  4537 | D:5      | Entered Level 5 of the Dungeon
  4537 | D:5      | Noticed a sky beast
  4547 | D:5      | Found a snail-covered altar of Cheibriados.
  4609 | D:4      | Slain by a sky beast

Levels and vault maps discovered:
D:1:      arrival_aquarium_b, layout_loops_ring
D:2:      layout_basic, old_standard_altar, first_ration
D:3:      layout_basic, chequers_ecumenical_altar_simple, corner_web_ring
D:4:      layout_basic, grunt_dithmenos_shadows, lightli_sewer_entry_pipes
D:5:      layout_rooms, xom_confusion_cloud, overflow_temple_1_default,
          minmay_temple_entry_enclosed_plants, basic_altar,
          kennysheep_small_spiral, uniq_edmund, uniq_sigmund

Skill      XL: |  1  2  3  4  5  6 |
---------------+-------------------+-----
Fighting       | 4 |  4.6
Shields        | 1 2 3 |  3.1
Axes           | 5 6 |  6.1
Armour         | 3 |  3.4
Polearms       | 1 |  1.7
Dodging        | |  1.5

Action                   |  1- 3 |  4- 6 || total
-------------------------+-------+-------++-------
Melee: Hand axe          |   115 |   201 ||   316
  Use: Scroll            |     5 |     3 ||     8
       Potion            |       |     3 ||     3
 Stab: Sleeping          |     2 |       ||     2
  Eat: Chunk             |     3 |     1 ||     4
       Ration            |     1 |     2 ||     3
Armor: Ring mail         |     3 |       ||     3
       Animal skin       |     2 |       ||     2
       Scale mail        |    19 |    86 ||   105
Dodge: Dodged            |    46 |    64 ||   110
Block: Shield            |    25 |    83 ||   108

Table legend:
 A = Non-vault XP
 B = Vault XP
 C = Vault XP percentage of total XP
 D = Non-vault monster count
 E = Vault monster count
 F = Vault count percentage of total count
                 A         B        C        D         E       F
            +---------+---------+-------+---------+---------+-------
      Total |     295 |     115 |  28.0 |      47 |      16 |  25.4
            +---------+---------+-------+---------+---------+-------
        D:1 |      16 |       0 |   0.0 |      11 |       0 |   0.0
        D:2 |      61 |       0 |   0.0 |      19 |       0 |   0.0
        D:3 |      19 |      13 |  40.6 |       4 |       1 |  20.0
        D:4 |     197 |     102 |  34.1 |      12 |      15 |  55.6
        D:5 |       2 |       0 |   0.0 |       1 |       0 |   0.0
            +---------+---------+-------+---------+---------+-------
